[Event "*** Titled Tuesday Blitz"]
[Site "Chess.com"]
[Date "2019.10.01"]
[Round "1"]
[White "Roenko_Artur"]
[Black "Didici"]
[Result "1/2-1/2"]
[WhiteElo "2260"]
[BlackElo "2606"]
[TimeControl "180+2"]
[EndTime "13:10:50 PDT"]
[Termination "Game drawn - insufficient material"]

1. e4 e5 2. Nf3 Nc6 3. d4 exd4 4. Nxd4 Bc5 5. Be3 Qf6 6. c3 Qg6 7. Nd2 Nf6 8. Nb5 Bxe3 9. Nxc7+ Kd8 10. Nxa8 Bxd2+ 11. Qxd2 Qxe4+ 12. Be2 Re8 13. Kf1 b6 14. Bf3 Qc4+ 15.
Kg1 Bb7 16. b3 Qc5 17. Nxb6 axb6 18. h3 Ne4 19. Bxe4 Rxe4 20. Rd1 Ne5 21. Kh2 Rh4 22.
Qg5+ Qe7 23. Qxe7+ Kxe7 24. Rhe1 d6 25. g3 Re4 26. Rxe4 Bxe4 27. g4 g5 28. Kg3 Bc6 29.
Re1 f6 30. f4 gxf4+ 31. Kxf4 Kf7 32. Kg3 Ke6 33. c4 d5 34. cxd5+ Bxd5 35. Rc1 Nc6 36. Re1+ Kd6 37. Re8 Nb4 38. Rb8 Kc7 39. Rh8 Be4 40. Re8 Bb1 41. a3 Nc2 42. a4 Nd4 43. Rf8 Nxb3 44.
Rxf6 Nc5 45. Rf4 Kc6 46. h4 Bc2 47. g5 Bxa4 48. h5 Bc2 49. Rf6+ Kc7 50. Kh4 b5 51. g6 hxg6 52. hxg6 b4 53. g7 Bh7 54. Rf8 b3 55. g8=Q Bxg8 56. Rxg8 Ne4 57. Rg1 Nd2 58. Rd1 b2 59.
Kg3 Kc6 60. Kf4 Kc5 61. Ke3 Nc4+ 62. Kd3 Na3 63. Kc3 b1=Q 64. Rxb1 Nxb1+ 1/2-1/2

[Event "*** Titled Tuesday Blitz"]
[Site "Chess.com"]
[Date "2019.10.01"]
[Round "1"]
[White "DrMelekess"]
[Black "kacprekt"]
[Result "1-0"]
[WhiteElo "2737"]
[BlackElo "2382"]
[TimeControl "180+2"]
[EndTime "13:10:58 PDT"]
[Termination "DrMelekess won by resignation"]

1. d4 Nf6 2. Nf3 g6 3. Nbd2 d5 4. e3 Bg7 5. b4 a5 6. b5 c6 7. c4 O-O 8. a4 dxc4 9. Bxc4 cxb5 10. axb5 Nbd7 11. Bb2 Nb6 12. Bb3 Bf5 13. O-O Bd3 14.
Re1 Bxb5 15. e4 a4 16. Ba2 Rc8 17. Ba3 Bd3 18. h3 Bc2 19. Qe2 Nh5 20. Qe3 Qc7 21.
Rac1 Nf4 22. Bb1 Bh6 23. Rxc2 Nxh3+ 24. gxh3 Bxe3 25. Rxc7 Rxc7 26. Rxe3 Rfc8 27. Bb2 Nc4 28. Nxc4 Rxc4 29. Bd3 Rb4 30. Ba3 Rb3 31. Bxe7 b5 32. d5 a3 33. Bf6 Rc1+ 34. Kg2 a2 35. d6 Rd1 36. Bc2 a1=Q 37. Bxa1 Rxe3 38. Bxd1 Rd3 39. Be2 Rxd6 40. Bxb5 Re6 41. e5 Rb6 42. Bd3 h6 43.
Bd4 Rc6 44. Be4 Rc4 45. Bd5 Ra4 46. e6 fxe6 47. Bxe6+ Kh7 48. h4 Ra6 49. Bh3 Ra5 50.
Be3 Ra3 51. Kg3 Ra2 52. Bf1 Ra3 53. Bc4 Rc3 54. Bd5 Rc8 55. Be4 Re8 56. Bd3 Rd8 57.
Bd4 Rd6 58. h5 Kg8 59. hxg6 Rc6 60. Be4 Rd6 61. Be5 Rd7 62. Bf5 Re7 63. Bd3 h5 64.
Bc4+ Kf8 65. Bd6 h4+ 66. Nxh4 Kg7 67. Bxe7 Kh6 68. Kg4 Kg7 69. Kg5 1-0

[Event "*** Titled Tuesday Blitz"]
[Site "Chess.com"]
[Date "2019.10.01"]
[Round "1"]
[White "Stormeman100100"]
[Black "IMTominho"]
[Result "1/2-1/2"]
[WhiteElo "2417"]
[BlackElo "2770"]
[TimeControl "180+2"]
[EndTime "13:11:14 PDT"]
[Termination "Game drawn by stalemate"]

1. e4 e5 2. Nf3 Nf6 3. Nxe5 d6 4. Nf3 Nxe4 5. Nc3 Nf6 6. d4 Be7 7. Bf4 O-O 8. Qd2 c6 9. Bd3 Bg4 10. O-O-O Nbd7 11. h3 Bxf3 12. gxf3 Nb6 13. h4 Nbd5 14. Nxd5 Nxd5 15. Bg5 b5 16. Rdg1 Re8 17. Bxe7 Qxe7 18. Qh6 Qe1+ 19. Rxe1 gxh6 20. Be4 Ne7 21. Rhg1+ Kh8 22.
Bd3 Ng6 23. Be4 Rac8 24. Bf5 Rcd8 25. Be4 d5 26. Bxg6 hxg6 27. Kd2 Kg7 28. Kd3 Kf6 29. Re3 Re6 30. c3 a5 31. a3 a4 32.
Rg4 Rg8 33. Rf4+ Ke7 34. Rg4 Kf6 35. Rf4+ Ke7 36. Rg4 f6 37. f4 Rxe3+ 38. fxe3 Ke6 39. Rg1 Kf5 40. Rg2 h5 41. Rg1 g5 42. fxg5 fxg5 43.
hxg5 Rxg5 44. Rh1 Kg6 45. Rh2 Rg3 46. Ke2 Kg5 47. Kf2 h4 48. Rh1 Kg4 49. Re1 h3 50. e4 Rg2+ 51. Kf1 dxe4 52. Rxe4+ Kf3 53. Re6 Rxb2 54.
Rf6+ Ke3 55. Kg1 Rb3 56. Rxc6 Rxa3 57. d5 Ra1+ 58. Kh2 Rd1 59. d6 Kd3 60. Rc5 Kc2 61. c4 b4 62. Rd5 Rf1 63. d7 Rf8 64. d8=Q Rxd8 65. Rxd8 b3 66. c5 a3 67. c6 a2 68.
Ra8 Kb1 69. c7 b2 70. Rc8 Ka1 71. Rb8 b1=Q 72. c8=Q Qxb8+ 73. Qxb8 1/2-1/2

[Event "*** Titled Tuesday Blitz"]
[Site "Chess.com"]
[Date "2019.10.01"]
[Round "1"]
[White "IMRosen"]
[Black "aa175"]
[Result "1-0"]
[WhiteElo "2648"]
[BlackElo "2294"]
[TimeControl "180+2"]
[EndTime "13:11:16 PDT"]
[Termination "IMRosen won by resignation"]

1. d4 Nf6 2. Bf4 d5 3. e3 e6 4.
Nd2 c5 5. c3 Nc6 6. Ngf3 cxd4 7.
exd4 Nh5 8. Be3 Bd6 9. Ne5 Nf6 10.
Bb5 Qb6 11. Qb3 Bd7 12. Nxd7 Nxd7 13. O-O O-O 14. Rfe1 a6 15. Bd3 Qc7 16. Nf1 Nf6 17. Qc2 Na5 18. Bg5 h6 19. Bxf6 gxf6 20. Qd2 Kg7 21.
Ng3 Bxg3 22. hxg3 Nc4 23. Qe2 f5 24. g4 f4 25. b3 Nb6 26. Rac1 Rae8 27. c4 Qb8 28. c5 Nd7 29. c6 bxc6 30. Rxc6 a5 31. Qd2 Qb4 32. Qxb4 axb4 33. Rec1 Ra8 34. R6c2 Nf6 35.
f3 Ra3 36. Bb5 Rb8 37. Ba4 Ne8 38. Kf2 Nd6 39. g3 fxg3+ 40. Kxg3 Nc4 41. Re1 Nb6 42. Bb5 Rba8 43. Ree2 R8a5 44. Bd3 Nd7 45. f4 Kf6 46. Kf3 Nf8 47. Rh2 Kg7 48. Rcg2 f6 49. g5 hxg5 50. fxg5 fxg5 51. Rxg5+ Kf6 52. Rgg2 Ke7 53. Rh8 Rxa2 54. Rg7+ Kf6 55. Rb7 Ra8 56. Rxb4 Rd2 57. Ke3 Rd1 58. Rb7 Ng6 59. Rh6 Rg8 60. Ke2 Rg1 61. Rb6 Rg7 62. Kf2 Rg4 63. Ke3 Rg3+ 64. Kd2 Rg2+ 65.
Kc3 Rc7+ 66. Kb4 Rd2 67. Rxg6+ Kf7 68. Rg3 Kf6 69. Rb8 Rb2 70. Rf8+ Ke7 71. Rg7+ Kd6 72. Rd8+ Kc6 73. Bb5+ Kb7 74. Rdd7 Rxd7 75. Rxd7+ Kb6 76. Rd6+ Kb7 77. Rxe6 Kc7 78. Kc5 Rxb3 79. Re7+ Kd8 80. Rh7 Rb2 81. Kd6 Kc8 82. Bc6 1-0

[Event "*** Titled Tuesday Blitz"]
[Site "Chess.com"]
[Date "2019.10.01"]
[Round "1"]
[White "sofaceindisguise"]
[Black "2165149677570"]
[Result "1-0"]
[WhiteElo "2639"]
[BlackElo "2284"]
[TimeControl "180+2"]
[EndTime "13:11:23 PDT"]
[Termination "sofaceindisguise won by checkmate"]

1. c4 c5 2. Nf3 Nc6 3. Nc3 g6 4. d4 cxd4 5. Nxd4 Nf6 6. e4 Nxd4 7.
Qxd4 d6 8. Bg5 Bg7 9. Nd5 O-O 10. Bxf6 exf6 11. Qd2 f5 12. exf5 Re8+ 13. Be2 Bxf5 14. O-O Rc8 15. Rad1 b5 16. b3 bxc4 17. Bxc4 Qh4 18. g3 Qh5 19. Nf4 Qf3 20. Qxd6 Be5 21. Qd5 Be4 22. Qxf7+ Kh8 23. Nxg6+ hxg6 24. Qxf3 Bxf3 25.
Rd7 Rc7 26. Rd2 a5 27. Re1 Rce7 28. Rd3 Ba8 29. Bb5 Rb8 30. Rde3 Rxb5 31. Kf1 Bb7 32. f4 Ba6 33. Kg2 Bb7+ 34. Kh3 Bc8+ 35. g4 Bxf4 36. Rxe7 Rh5+ 37. Kg2 Bxg4 38. Re8+ Kg7 39.
R1e7+ Kf6 40. Re4 Rxh2+ 41. Kg1 Rxa2 42. Rxf4+ Kg5 43. Ra4 Rb2 44. Rxa5+ Kh4 45. Re3 Bf5 46. Ra4+ Kg5 47. Rc4 Kh5 48. b4 g5 49. Re5 Bd3 50. Rd4 Ba6 51. Rd6 Bc4 52. Rb6 Kg4 53.
Re4+ Kg3 54. Re3+ Kf4 55. Rc3 Rb1+ 56. Kf2 Rb2+ 57. Ke1 Bd5 58. Rf6+ Kg4 59. Rd6 Bf3 60. Rd4+ Kg3 61. Rdd3 g4 62. Rb3 Rc2 63. b5 Re2+ 64. Kd1 Rf2+ 65. Kc1 Kg2 66. b6 g3 67. b7 Bxb7 68.
Rxb7 Rf3 69. Rd2+ Kf1 70. Kc2 g2 71. Rb1# 1-0

[Event "*** Titled Tuesday Blitz"]
[Site "Chess.com"]
[Date "2019.10.01"]
[Round "1"]
[White "maciek_92"]
[Black "WPWPWP-2015"]
[Result "0-1"]
[WhiteElo "2849"]
[BlackElo "2477"]
[TimeControl "180+2"]
[EndTime "13:11:36 PDT"]
[Termination "WPWPWP-2015 won on time"]

1. c4 Nf6 2. Nc3 e6 3. Nf3 d5 4.
d4 c6 5. e3 Nbd7 6. Qc2 Bd6 7.
Bd3 O-O 8. O-O dxc4 9. Bxc4 b5 10. Bd3 Bb7 11. Ng5 h6 12. Nge4 Be7 13. Bd2 Rc8 14.
Nxf6+ Nxf6 15. Ne4 c5 16. Nxf6+ Bxf6 17. dxc5 Qd5 18. e4 Qd4 19. Be3 Qxb2 20. Qxb2 Bxb2 21. Rab1 Ba3 22. c6 Bxc6 23. Bxa7 Ra8 24. Be3 Rfd8 25.
Rb3 b4 26. Bb1 Bb5 27. Re1 Bc4 28. Bc2 Bxb3 29. Bxb3 Bb2 30. g3 Bc3 31. Re2 Rd3 32.
Kg2 h5 33. h4 Rc8 34. Bc2 Rd7 35. Bb3 Kf8 36. Ba4 Rb7 37. Bb3 Rd7 38. Ba4 Rd3 39.
Bc2 Rdd8 40. Bb3 Ke7 41. Bb6 Rd6 42. Be3 f6 43. Bf4 Rd7 44. Ba4 Rd3 45. Bc2 Rd7 46.
Ba4 Rdd8 47. Be3 Bd4 48. Bd2 Bc3 49. Be3 g6 50. Bb3 Rc6 51. Ba4 Ra6 52. Bb5 Ra5 53.
Bc4 Rc8 54. Bb3 e5 55. Rc2 Raa8 56. Bd5 Ra6 57. Bb7 Rca8 58. Bxa8 Rxa8 59. Kf1 f5 60. exf5 gxf5 61. Ke2 Ke6 62. Bd2 Bxd2 63. Kxd2 Kd5 64. Kc1 Ra3 65. Kb2 Rf3 66. Rd2+ Kc4 67. Kc2 e4 68. Re2 Rd3 69. Re3 Rd5 70. Re2 Ra5 71.
Kb2 Kd3 72. Re3+ Kc4 73. Re2 Ra3 74. Rc2+ Kd3 75. Rc5 Ke2 0-1

[Event "*** Titled Tuesday Blitz"]
[Site "Chess.com"]
[Date "2019.10.01"]
[Round "1"]
[White "cool4chess"]
[Black "politeplayer"]
[Result "1-0"]
[WhiteElo "2601"]
[BlackElo "2199"]
[TimeControl "180+2"]
[EndTime "13:11:43 PDT"]
[Termination "cool4chess won by resignation"]

1. e4 c5 2. Nf3 e6 3. d4 cxd4 4. Nxd4 Nc6 5. Nc3 Qc7 6. Be2 a6 7. O-O Nf6 8. Kh1 d6 9. Bg5 Be7 10. f4 Nxd4 11. Qxd4 b5 12. e5 dxe5 13. fxe5 Bc5 14.
Qd3 Nd7 15. Qf3 O-O 16. Bf4 Bb7 17. Qg3 Kh8 18. Bd3 Rfc8 19. Rae1 Nf8 20. Ne4 Bxe4 21. Bxe4 Rab8 22. Qh4 Ng6 23. Bxg6 fxg6 24. Rf3 Rf8 25. Rh3 h5 26. Qg3 Kh7 27. Qf3 Bb4 28.
Rc1 Qc4 29. Rh4 Bd2 30. Bxd2 Qxh4 31. Qc6 Rh8 32. Qxe6 Rbd8 33. Be3 Rhe8 34. Qxa6 Rxe5 35. Bg1 Re1 36. Rxe1 Qxe1 37. Qxb5 Rd1 38. Qc5 h4 39.
h3 Qg3 40. a4 Rd2 41. Qc6 Rd1 42. Qc5 Rd2 43. Qc6 Rd1 44. Qc4 Qe1 45. Qc5 Rd2 46.
a5 Qe4 47. Qg5 Rd5 48. Qc1 g5 49. c4 Rf5 50. c5 g4 51. hxg4 h3 52. Qd2 Qxg4 53.
gxh3 Qe4+ 54. Qg2 Qd3 55. c6 Rh5 56. Kh2 Qd6+ 57. Kh1 Qe6 58. Kh2 Qd6+ 59. Qg3 Qd2+ 60. Bf2 Rf5 61. Kg2 Qd5+ 62. Kh2 Qxc6 63. Qh4+ Kg8 64. Qd8+ Rf8 65. Qd4 Qf3 66. Kg1 Qf5 67. a6 Qb1+ 68. Kg2 Qg6+ 69. Kh2 Qxa6 70. Qd5+ Rf7 71.
Qd8+ Rf8 72. Qd5+ Rf7 73. b4 Qc8 74. b5 Kh8 75. Qxf7 Qb8+ 76. Bg3 Qxb5 77. Qf8+ Kh7 78. h4 Qe2+ 79. Qf2 Qg4 80. Qc2+ g6 81. Qc7+ Kg8 82.
Qd8+ Kh7 83. Qg5 Qxg5 84. hxg5 Kg8 85. Be5 Kf7 86. Kg3 Ke6 87. Kf4 Kd5 88. Bf6 Ke6 89. Ke4 1-0

[Event "*** Titled Tuesday Blitz"]
[Site "Chess.com"]
[Date "2019.10.01"]
[Round "1"]
[White "FairChess_on_YouTube"]
[Black "valeriocarnicelli"]
[Result "1/2-1/2"]
[WhiteElo "2974"]
[BlackElo "2495"]
[TimeControl "180+2"]
[EndTime "13:12:10 PDT"]
[Termination "Game drawn - insufficient material"]

1. e4 e5 2. Nf3 Nc6 3. Bb5 f5 4. Nc3 fxe4 5. Nxe4 Nf6 6. Qe2 d5 7. Nxf6+ gxf6 8. d4 Bg7 9. dxe5 O-O 10. Bxc6 bxc6 11. e6 Re8 12. O-O Bxe6 13. Qa6 Qd6 14. Qa4 c5 15.
Bf4 Qd7 16. Qa5 Qc6 17. Rfe1 Bf5 18. b4 Be4 19. bxc5 Bxf3 20. gxf3 d4 21. Qxc7 Qxf3 22.
Qd7 Red8 23. Qe6+ Kh8 24. Bg3 f5 25. Rab1 d3 26. cxd3 f4 27. Qf5 Rf8 28. Qe4 fxg3 29. Qxf3 Rxf3 30. hxg3 Rxd3 31. Rb7 Bd4 32. Kg2 Rf8 33.
c6 Rc3 34. Ree7 Rxc6 35. Rxh7+ Kg8 36. f4 Rc2+ 37. Kf3 Rxa2 38. Rhd7 Bf6 39. Rxa7 Rxa7 40. Rxa7 Bg7 41. Rb7 Rf7 42. Rb5 Rf8 43. Kg4 Kh7 44. Kg5 Bh6+ 45. Kg4 Bg7 46. Kh5 Bh6 47.
Rb7+ Bg7 48. Kg5 Rf6 49. f5 Rd6 50. g4 Rc6 51. Rd7 Rb6 52. Kh5 Rh6+ 53. Kg5 Rb6 54.
Rf7 Kg8 55. Ra7 Kh7 56. Kf4 Rb4+ 57. Kg3 Rb6 58. g5 Kg8 59. Kg4 Rc6 60. Kh5 Rb6 61. Rd7 Rc6 62. Rb7 Rd6 63. Rb8+ Kf7 64. Rb7+ Kg8 65.
g6 Rf6 66. Kg5 Rf8 67. Rb6 Kh8 68. f6 Bxf6+ 69. Rxf6 Rb8 70. Kh6 Kg8 71. Ra6 Rc8 72. Ra7 Rb8 73. Rd7 Rc8 74. Kg5 Rb8 75. Rd6 Rc8 76. Kf6 Rf8+ 77. Kg5 Rb8 78. Kh6 Rc8 79.
g7 Rb8 80. Kg6 Rc8 81. Re6 Rb8 82. Rf6 Rc8 83. Rf5 Rc6+ 84. Rf6 Rc8 85. Kh6 Rb8 86. Rg6 Rc8 87. Kg5 Rc5+ 88. Kh6 Rc1 89. Rg5 Rh1+ 90. Kg6 Rb1 91. Rf5 Rb6+ 92. Rf6 Rb8 93. Rf8+ Rxf8 94. gxf8=N 1/2-1/2

[Event "*** Titled Tuesday Blitz"]
[Site "Chess.com"]
[Date "2019.10.01"]
[Round "1"]
[White "kosmeg"]
[Black "ChessWarrior7197"]
[Result "1-0"]
[WhiteElo "2491"]
[BlackElo "2908"]
[TimeControl "180+2"]
[EndTime "13:12:26 PDT"]
[Termination "kosmeg won by resignation"]

1. d4 Nf6 2. c4 e6 3. g3 c5 4. Nf3 cxd4 5. Nxd4 Bb4+ 6. Bd2 Be7 7. Bg2 Qc7 8. b3 Nc6 9. Bc3 O-O 10. O-O d5 11.
cxd5 Nxd5 12. Bb2 Nxd4 13. Bxd4 Rd8 14. Qc1 Qxc1 15. Rxc1 Nf4 16. gxf4 Rxd4 17. e3 Rd8 18. Nc3 Rb8 19. Rd1 Bd7 20. Rd3 b6 21. Rad1 Be8 22.
Rxd8 Bxd8 23. Ne4 Be7 24. Bf3 Kf8 25. Nd6 Bxd6 26. Rxd6 Ke7 27. Rd2 Rc8 28. Kg2 Rc1 29. Be4 f5 30. Rc2 Rxc2 31. Bxc2 Kf6 32. Kf1 e5 33.
fxe5+ Kxe5 34. f4+ Ke6 35. Ke2 h6 36. h4 Bc6 37. Kd2 a5 38. Kc3 Kf6 39. Kd4 Bf3 40. a3 Bc6 41. b4 axb4 42. axb4 Bb7 43. Bd1 Be4 44. Be2 Bc6 45. Bd1 Ke6 46. Bb3+ Kd6 47. Bc2 Bd7 48. Bd3 Be6 49. Bc2 Bc8 50. Bd3 Bd7 51. Bc2 Ke6 52. Bb3+ Kd6 53. Bc2 Ke6 54. Bb3+ Kf6 55. Bc2 g5 56. hxg5+ hxg5 57. fxg5+ Kxg5 58. Ke5 Bc8 59. Bd1 Bb7 60. Kd6 Be4 61. Kc7 b5 62. Kd6 Bd3 63. Ke5 Kg6 64. Bb3 Kg5 65. Be6 Kg4 66.
Bd7 Kg5 67. Kd4 Bf1 68. Kc5 f4 69. exf4+ Kxf4 70. Bxb5 Bg2 71. Bc6 Bf1 72. Bd5 Ke5 73. Bc4 Bg2 74. b5 Bf3 75. Bf7 Bg2 76. b6 Bb7 77.
Bg8 Be4 78. Bc4 Bb7 79. Bf7 Be4 80. Be8 Bb7 81. Bc6 Ba6 82. Bd5 Bc8 83. Kc6 Kd4 84. Kc7 Ba6 85. Bb7 Bc4 86. Bc6 Ba6 87. Bb5 Bxb5 88. b7 Kc5 89. b8=Q Bc4 90. Qb6+ Kd5 91. Qd6+ Ke4 92. Kb6 Bd5 93. Kc5 Bb3 1-0

[Event "*** Titled Tuesday Blitz"]
[Site "Chess.com"]
[Date "2019.10.01"]
[Round "1"]
[White "WanderingPuppet"]
[Black "hansen"]
[Result "1/2-1/2"]
[WhiteElo "2431"]
[BlackElo "2787"]
[TimeControl "180+2"]
[EndTime "13:12:38 PDT"]
[Termination "Game drawn by agreement"]

1. e4 c5 2. Nf3 e6 3. c3 Nf6 4.
e5 Nd5 5. d4 cxd4 6. cxd4 d6 7.
Bd3 dxe5 8. Nxe5 Nc6 9. Nxc6 bxc6 10. O-O Bd6 11. g3 O-O 12. Nc3 Nxc3 13. bxc3 Qc7 14. Qe2 Bb7 15. Be4 c5 16. dxc5 Bxc5 17. Bxb7 Qxb7 18.
Be3 Rac8 19. Rab1 Qe4 20. Rb3 Bxe3 21. Qxe3 Qxe3 22. fxe3 Rc7 23. Rd1 Rfc8 24. Rd3 Kf8 25. Kf2 Ke7 26. Ke2 Rc5 27. Ra3 R8c7 28. Kd2 g5 29.
Rd4 a5 30. Rda4 Rd5+ 31. Ke2 Rcc5 32. c4 Re5 33. Kd3 g4 34. Kd4 Rh5 35. Kd3 Kd6 36.
Kd4 Kc7 37. Kd3 Kb6 38. Rb3+ Ka7 39. Kd4 Rc7 40. Rb5 Rxb5 41. cxb5 Kb6 42. Rc4 Rd7+ 43. Kc3 Kxb5 44. Rxg4 f5 45. a4+ Kc5 46. Rg8 Rc7 47. Re8 Kd5+ 48. Kd3 Rb7 49. Rd8+ Ke5 50. Ra8 Rb3+ 51.
Ke2 Ke4 52. Rxa5 Rb2+ 53. Kd1 Rxh2 54. Ra6 e5 55. a5 Kxe3 56. Rf6 Ke4 57. a6 Ra2 58.
Ke1 Ke3 59. Kf1 f4 60. gxf4 exf4 61. Kg1 Kf3 62. Re6 Ra1+ 63. Kh2 Kf2 64. Kh3 f3 65. Rf6 Ra4 66. Rh6 Ra1 67. Re6 Kf1 68. Kg3 f2 69. Rf6 Ra3+ 70. Kh2 h5 71. Rh6 Ra5 72. Rf6 Re5 73. a7 Ra5 74. Rf7 Ra3 75. Re7 h4 76. Rf7 Ke1 77. Re7+ Kd1 78. Rf7 Ke2 79. Re7+ Kf3 80.
Rf7+ Ke3 81. Kg2 Ra2 82. Rf3+ Ke4 83. Rxf2 h3+ 84. Kg3 Rxa7 85. Kxh3 Rh7+ 86. Kg2 Ke3 87. Rf3+ Ke2 88. Rh3 Rg7+ 89. Rg3 Rf7 90. Rg6 Rf4 91. Kg3 Re4 92. Rf6 Re8 1/2-1/2

[Event "*** Titled Tuesday Blitz"]
[Site "Chess.com"]
[Date "2019.10.01"]
[Round "1"]
[White "oskariot"]
[Black "abubakrtagelsir"]
[Result "1-0"]
[WhiteElo "2740"]
[BlackElo "2399"]
[TimeControl "180+2"]
[EndTime "13:12:40 PDT"]
[Termination "oskariot won by checkmate"]

1. e4 d6 2. d4 Nf6 3. Nc3 g6 4. g3 Bg7 5. Bg2 O-O 6. Nge2 e5 7.
O-O Nc6 8. Be3 Bd7 9. h3 Re8 10.
Qd2 exd4 11. Nxd4 Qc8 12. Kh2 Re5 13. Nxc6 bxc6 14. Bg5 h6 15. f4 Re8 16. Bh4 Rb8 17. b3 Nh7 18. g4 Qb7 19. Rad1 Qb4 20. Be1 Nf6 21. Qd3 Qb6 22. Bf2 Qa5 23. Bd4 h5 24. g5 Nh7 25. Bxg7 Kxg7 26. a4 f6 27. gxf6+ Nxf6 28. Bf3 Re7 29. Rg1 Rg8 30. e5 dxe5 31. Qxg6+ Kf8 32. Qxf6+ Rf7 33. Qd8+ Be8 34. Rxg8+ Kxg8 35. Qxe8+ Kg7 36. Rg1+ Kf6 37. Qh8+ Ke7 38. Qxe5+ Qxe5 39. fxe5 Rxf3 40. Rg3 Rf2+ 41. Rg2 Rf3 42. Ne2 c5 43.
Ng3 h4 44. Ne4 Ke6 45. Nxc5+ Kxe5 46. Nd3+ Kd4 47. Rf2 Re3 48. Kg2 Kc3 49. Nf4 Kb2 50.
Nd5 Rg3+ 51. Kh2 c6 52. Ne7 c5 53. Nf5 Rc3 54. Nxh4 c4 55. bxc4 Rxc4 56. Nf3 Rxa4 57. h4 Kc3 58. h5 Ra5 59. Ne1 Rxh5+ 60. Kg2 Rh8 61. Kf1 Re8 62. Rf3+ Kc4 63. Ra3 Re7 64. Nd3 Kb5 65. Nc1 a5 66. Ne2 Kb4 67. Rb3+ Kc4 68. Rc3+ Kb4 69. Rb3+ Kc4 70. Ke1 a4 71. Rb8 a3 72. Ra8 Kb4 73. Kd2 Rd7+ 74. Kc1 Re7 75. Nf4 Re1+ 76. Kd2 Ra1 77. Nd3+ Kc4 78. Ra4+ Kb5 79.
Rb4+ Ka5 80. Kc3 a2 81. Rb8 Ka6 82. Ra8+ Kb5 83. Kb2 Rg1 84. Rxa2 Kc4 85. Ra4+ Kb5 86. Rf4 Rh1 87. Kc3 Ka5 88. Rf5+ Ka4 89. Nb2+ Ka3 90. Ra5# 1-0

[Event "*** Titled Tuesday Blitz"]
[Site "Chess.com"]
[Date "2019.10.01"]
[Round "1"]
[White "evgenyermolaev"]
[Black "sebsep"]
[Result "1/2-1/2"]
[WhiteElo "2504"]
[BlackElo "2079"]
[TimeControl "180+2"]
[EndTime "13:13:24 PDT"]
[Termination "Game drawn by agreement"]

1. e4 e5 2. Nf3 Nc6 3. Bc4 Bc5 4.
d3 Nf6 5. c3 d6 6. Be3 Bb6 7.
Nbd2 O-O 8. Bb3 Ne7 9. Nf1 Ng6 10. Bc2 Nf4 11. Rg1 Re8 12. Qd2 Ne6 13. g4 d5 14. Nxe5 dxe4 15. dxe4 Qxd2+ 16. Nxd2 Bxe3 17. fxe3 Nc5 18. g5 Rxe5 19. gxf6 g6 20. Nf3 Re8 21. O-O-O Be6 22. b3 h5 23. Rg5 b6 24. e5 Bg4 25.
Rf1 Ne6 26. Rxg4 hxg4 27. Nd4 Nc5 28. Bxg6 Rxe5 29. Bf5 Rxe3 30. Bxg4 Rae8 31. Kd2 Rd3+ 32. Kc2 Ree3 33. Nf5 Rxc3+ 34. Kb2 Red3 35. Re1 Ne6 36. Nh6+ Kf8 37. Bxe6 fxe6 38. Rxe6 Rc5 39. f7 Rd8 40. Rg6 Rcd5 41. Rg8+ Ke7 42. Rg7 Kf6 43. Rg1 Rf8 44. Rf1+ Kg7 45. Nf5+ Kh7 46. Ne7 Rd7 47. Nc6 Rdxf7 48. Rd1 Rf2+ 49. Ka3 a5 50. Ne5 Rg8 51.
Rd7+ Rg7 52. Rd4 Rxh2 53. Ng4 Rg2 54. Nf6+ Kg6 55. Ne8 Re7 56. Rd8 Rge2 57. Nxc7 Rxc7 58. Rb8 Rc6 59. Rb7 Re5 60. Rd7 Kf5 61. Rd1 Ke6 62. Ka4 Re4+ 63. Kb5 Rc2 64. a3 Ra2 65. Kxb6 Rxa3 66.
Rc1 Rxb3+ 67. Kxa5 Rd3 68. Rc6+ Rd6 69. Rc8 Rd5+ 70.
Kb6 Red4 71. Re8+ Kd7 72. Re1 Rb4+ 73. Ka6 Rb2 74. Rc1 Rd3 75. Ra1 Kc6 76. Rc1+ Kd7 77.
Ra1 Rc3 78. Ra4 Kc6 79. Ka7 Kb5 80. Rh4 Rc7+ 81. Ka8 Rc6 82. Kb7 Kc5+ 83. Ka7 Rc7+ 84. Ka8 Rcb7 85. Rc4+ Kd5 86. Rc5+ Kd4 87. Rc4+ Kd3 88.
Rc3+ Kd2 89. Rd3+ Kc1 90. Rc3+ Kb1 91. Rc1+ Ka2 92. Ra1+ Kb3 93. Kxb7 Kc2+ 94. Kc6 Rb1 95. Ra2+ Rb2 96. Ra5 Rb3 97. Rh5 Rc3+ 98. Kd5 Kb3 99. Kd4 Rg3 100. Rb5+ Kc2 101. Rc5+ Kd2 102. Ra5 Rg4+ 103. Kc5 Kd3 104. Ra3+ Kd2 105. Ra2+ Kd3 106. Ra3+ Kd2 107. Rh3 Kc2 108. Kd5 Kd2 109. Ke5 Kc2 110. Kf5 Ra4 1/2-1/2

[Event "*** Titled Tuesday Blitz"]
[Site "Chess.com"]
[Date "2019.10.01"]
[Round "1"]
[White "ahkashefi2800"]
[Black "Faustregel"]
[Result "0-1"]
[WhiteElo "2157"]
[BlackElo "2568"]
[TimeControl "180+2"]
[EndTime "13:13:51 PDT"]
[Termination "Faustregel won on time"]

1. d4 d5 2. c4 c6 3. Nc3 Nf6 4. Nf3 a6 5. Bg5 Nbd7 6. e3 h6 7. Bh4 b5 8. cxd5 cxd5 9. Bd3 Bb7 10. Rc1 e6 11. O-O Be7 12. Bg3 Rc8 13. a3 O-O 14.
b4 Nb6 15. Ne5 Nc4 16. Nxc4 dxc4 17. Bb1 Qd7 18. Qc2 g6 19. Rfd1 a5 20. Na2 Be4 21. Qd2 axb4 22. Nxb4 Ra8 23. Qb2 Ra4 24. Bxe4 Nxe4 25.
d5 Nxg3 26. dxe6 Qxe6 27. hxg3 Rfa8 28. Nc2 Rb8 29. Rd2 Bf6 30. Qb1 Qf5 31. Rcd1 Kg7 32. Rd5 Qe4 33. f3 Qe8 34. e4 Ra6 35. Kh2 h5 36. Qc1 Rd8 37. Rxd8 Bxd8 38. Nb4 Re6 39. Rd5 Bf6 40. Nc2 h4 41. gxh4 Bxh4 42. Qb2+ Bf6 43. Qxb5 Qh8+ 44. Kg1 Qh4 45. Qxc4 Rb6 46. Rd1 Rb2 47.
a4 Qg5 48. Qe2 Qc5+ 49. Qf2 Rxc2 50. Qxc5 Rxc5 51. Rd2 Rc1+ 52. Kf2 Ra1 53. f4 Rxa4 54.
Kf3 Ra3+ 55. Kg4 Be7 56. e5 Ra4 57. g3 Kf8 58. Rc2 Ke8 59. Rc7 Ra8 60. Rb7 Rd8 61. Kf3 Rd7 62. Rb8+ Bd8 63. Rb5 Ke7 64. Kg4 Ra7 65. Rb4 Ke6 66. Rd4 Be7 67. Rd3 Ra3 68. Rd1 Ra5 69. Rd2 Ra3 70. Rc2 Bb4 71. Re2 Bc3 72. Re3 Bb2 73. Re2 Bd4 74. Rd2 Kd5 75. Rc2 Ke4 76. Re2+ Be3 77. Rh2 Bd4 78. Rg2 f5+ 79. Kg5 Ra6 80. Rh2 Kf3 81. Rh6 Kxg3 82. Rh7 Be3 83. e6 Bxf4+ 84. Kf6 g5 85. Kxf5 Ra5+ 86. Kf6 g4 87. e7 Bg5+ 88. Ke6 Bxe7 89. Rxe7 Kg2 90. Rg7 g3 91. Kd6 Kf2 92. Rf7+ Kg1 93. Rf8 g2 94. Kc6 Ra2 95. Kd5 Rf2 96. Ra8 Kf1 97. Ra1+ Ke2 98. Ke4 Rf8 99. Ra2+ Kf1 100.
Ra1+ Kf2 101. Ra2+ Kg3 102. Ra3+ Kg4 103. Ra7 Rg8 104. Ra1 Kg3 105. Ke3 Re8+ 106. Kd2 Kf2 107. Rf1+ gxf1=Q 0-1

[Event "*** Titled Tuesday Blitz"]
[Site "Chess.com"]
[Date "2019.10.01"]
[Round "2"]
[White "albi1999"]
[Black "MatthewG-p4p"]
[Result "1-0"]
[WhiteElo "2529"]
[BlackElo "2760"]
[TimeControl "180+2"]
[EndTime "13:16:01 PDT"]
[Termination "albi1999 won by resignation"]

1. d4 Nf6 2. c4 c5 3. d5 e6 4. Nc3 exd5 5. cxd5 d6 6. e4 g6 7. h3 Bg7 8. Nf3 O-O 9. Bd3 b5 10. Nxb5 Re8 11. O-O Nxe4 12. Re1 a6 13. Nc3 Nxc3 14. Rxe8+ Qxe8 15. bxc3 Bxc3 16. Rb1 Nd7 17. Qa4 Bg7 18. Qc6 Ra7 19. Rb8 1-0

[Event "*** Titled Tuesday Blitz"]
[Site "Chess.com"]
[Date "2019.10.01"]
[Round "2"]
[White "vova-79"]
[Black "ahkashefi2800"]
[Result "0-1"]
[WhiteElo "2443"]
[BlackElo "2173"]
[TimeControl "180+2"]
[EndTime "13:16:54 PDT"]
[Termination "ahkashefi2800 won by checkmate"]

1. d4 d5 2. c4 c6 3. Nc3 Nf6 4. cxd5 cxd5 5. f3 Nc6 6. e4 dxe4 7. d5 exf3 8. dxc6 f2+ 9. Kxf2 Qb6+ 10. Ke1 bxc6 11. Bd3 Bg4 12. Qb3 e6 13. Qxb6 axb6 14. h3 Bh5 15. Nge2 Rd8 16. Bc2 Bc5 17. Nf4 O-O 18. Rf1 Rd7 19. Ne4 Nxe4 20. Bxe4 Rd1# 0-1

[Event "*** Titled Tuesday Blitz"]
[Site "Chess.com"]
[Date "2019.10.01"]
[Round "2"]
[White "chessS1r"]
[Black "Vojtap"]
[Result "1-0"]
[WhiteElo "2467"]
[BlackElo "2182"]
[TimeControl "180+2"]
[EndTime "13:17:33 PDT"]
[Termination "chessS1r won by resignation"]

1. d4 Nf6 2. c4 c5 3. d5 e6 4. Nc3 exd5 5. cxd5 d6 6. Nf3 g6 7. Bf4 a6 8. Nd2 b5 9. a4 b4 10. Nce4 Be7 11. Nxf6+ Bxf6 12. Ne4 Be7 13. h4 O-O 14. e3 Bf5 15. Nd2 Nd7 16. g4 Bxg4 17. Qxg4 Nf6 18.
Qg2 Re8 19. h5 Bf8 20. hxg6 fxg6 21. Bd3 Bg7 22. Nc4 1-0

[Event "*** Titled Tuesday Blitz"]
[Site "Chess.com"]
[Date "2019.10.01"]
[Round "2"]
[White "Bauxi435"]
[Black "tigra"]
[Result "0-1"]
[WhiteElo "2379"]
[BlackElo "2703"]
[TimeControl "180+2"]
[EndTime "13:17:59 PDT"]
[Termination "tigra won by resignation"]

1. d4 Nf6 2. c4 e6 3. Nc3 c5 4.
d5 exd5 5. cxd5 d6 6. e4 g6 7. Nge2 Bg7 8. Ng3 h5 9. Bg5 h4 10. Nge2 Rh5 11. Qd2 b5 12. Qf4 a6 13. Bxh4 b4 14. Na4 Bd7 15. Bxf6 Bxf6 16. Nb6 Be5 0-1

[Event "*** Titled Tuesday Blitz"]
[Site "Chess.com"]
[Date "2019.10.01"]
[Round "2"]
[White "KL31"]
[Black "kinga2008"]
[Result "1-0"]
[WhiteElo "2408"]
[BlackElo "1962"]
[TimeControl "180+2"]
[EndTime "13:18:02 PDT"]
[Termination "KL31 won by resignation"]

1. d4 Nf6 2. Nf3 g6 3. c4 Bg7 4. Nc3 d6 5. e4 O-O 6. h3 Nbd7 7. Bg5 c6 8. Be2 e5 9. d5 cxd5 10. cxd5 a6 11. Nd2 b5 12. b4 Bb7 13. O-O Rc8 14. Qb3 Nb6 15. a4 bxa4 16. Nxa4 Nxa4 17. Qxa4 h6 18.
Be3 Nd7 19. Bxa6 Bxa6 20. Qxa6 Nf6 21. b5 Qd7 22. b6 Ne8 23. Rfb1 Rb8 24. b7 Nc7 25.
Qc6 Qxc6 26. dxc6 1-0